 Dungeon Crawl Stone Soup version 0.30-a0-920-g7493c07aab (webtiles) character file.

Game seed: 7107665040572824658

378 horus123 the Grave Robber (level 7, -6/46 HPs)
             Began as a Human Necromancer on Mar 22, 2023.
             Mangled by a gnoll bouda
             ... wielding a +0 club
              (9 damage)
             ... on level 4 of the Dungeon.
             The game lasted 00:10:29 (4083 turns).

horus123 the Grave Robber (Human Necromancer)       Turns: 4083, Time: 00:10:29

Health: -6/46      AC:  7    Str:  9 (10) XL:     7   Next: 4%
Magic:  12/13      EV: 10    Int: 15 (16) God:
Gold:   165        SH:  0    Dex: 11 (13) Spells: 6/14 levels left

rFire   . . .      SeeInvis .    B - +2 flail (protect)
rCold   . . .      Faith    .    (no shield)
rNeg    . . .      Spirit   .    d - +0 ring mail
rPois   .          Reflect  .    k - +0 helmet
rElec   .          Rampage  .    (no cloak)
rCorr   .                        r - +0 pair of gloves
Will    .....                    (no boots)
Stlth   +                        (no amulet)
HPRegen 0.00/turn                u - ring of flight
MPRegen 0.13/turn                z - +4 ring of slaying

@: brilliant, flying, inhibited regen
A: claws 1, inhibited regeneration, devolution 1
a: no special abilities


You were on level 4 of the Dungeon.
You visited 1 branch of the dungeon, and saw 5 of its levels.

You collected 165 gold pieces.

Inventory:

Hand Weapons
 c - a +0 short sword
 e - a +1 whip of venom
 B - a +2 flail of protection (weapon)
Missiles
 w - a throwing net
Armour
 a - a +0 robe
 d - a +0 ring mail (worn)
 k - a +0 helmet (worn)
 p - a +0 scale mail of fire resistance
 r - a +0 pair of gloves (worn)
Jewellery
 u - a ring of flight (left hand)
 z - a +4 ring of slaying (right hand)
Wands
 C - a wand of digging (4)
Scrolls
 f - 9 scrolls of identify {unknown}
 h - 2 scrolls of blinking {unknown}
 j - a scroll of enchant armour {unknown}
 l - a scroll of noise {unknown}
 q - 2 scrolls of poison {unknown}
 s - a scroll of brand weapon {unknown}
 v - a scroll of teleportation {unknown}
 x - a scroll of fog {unknown}
 y - 2 scrolls of fear {unknown}
 A - a scroll of summoning {unknown}
 D - a scroll of magic mapping {unknown}
Potions
 b - a potion of magic
 g - a potion of haste {unknown}
 i - 2 potions of degeneration
 m - a potion of mutation
 n - a potion of brilliance
 o - a potion of curing {unknown}
 t - a potion of might {unknown}
 E - a potion of heal wounds {unknown}


   Skills:
 + Level 2.8 Armour
 - Level 2.0 Dodging
 - Level 2.0 Stealth
 - Level 4.0 Spellcasting
 - Level 6.0 Necromancy


You had 6 spell levels left.
You knew the following spells:

 Your Spells              Type           Power      Damage    Failure   Level
a - Necrotise             Necr           100%       1d9       4%          1
b - Vampiric Draining     Necr           31%        2d8       12%         3
c - Animate Dead          Necr           31%        N/A       38%         4

Your spell library contained the following spells:

 Spells                   Type           Power      Damage    Failure   Level
 Agony                    Necr           31%        N/A       75%         5
 Hailstorm                Conj/Ice       4%         3d4       82%         3
 Ice Form                 Ice/Tmut       4%         N/A       99%         4
 Simulacrum               Ice/Necr       9%         N/A       100%        6


Dungeon Overview and Level Annotations

Branches:
Dungeon (5/15)
 Temple: D:4-7

Altars:
Cheibriados
Fedhas
Okawaru
Trog


Innate Abilities, Weirdness & Mutations

You have sharp fingernails.
You do not regenerate when monsters are visible.
You have hidden genetic defects.


Message History

The gnoll hits you but does no damage. x2
The gnoll attacks as you move away! The gnoll barely misses you.
You barely miss the gnoll bouda.
The gnoll bouda is heavily wounded.
The gnoll bouda hits you with a +0 club.
The gnoll hits you from afar with a +0 spear.
The gnoll hits you from afar with a +0 halberd!
The gnoll bouda misses you.
You thump the gnoll bouda!
Your weapon exudes an aura of protection.
The gnoll bouda is almost dead.
The gnoll barely misses you. x2
The gnoll bouda hits you but does no damage.
The gnoll barely misses you.
You barely miss the gnoll bouda.
The gnoll bouda is almost dead.
The gnoll is no longer moving quickly.
The gnoll hits you from afar with a +0 halberd.
The gnoll bouda barks out a call to the hunt!
The gnoll picks up the pace!
The gnoll hits you but does no damage. x2; The gnoll bouda barely misses you.
The gnoll bouda mumbles some strange prayers to its god.
The gnoll bouda is healed somewhat.
The gnoll hits you from afar with a +0 halberd!
* * * LOW HITPOINT WARNING * * *
The gnoll bouda barely misses you.
The gnoll is no longer moving quickly.
It was a potion of degeneration.
There was something very wrong with that liquid.
You feel weakened.
You feel dopey.
You feel clumsy.
The gnoll bouda hits you with a +0 club.
* * * LOW HITPOINT WARNING * * *
It was a potion of brilliance.
You feel clever all of a sudden. The gnoll bouda barely misses you.
It was a potion of mutation.
You feel extremely strange.
You feel a hidden malignance growing inside you.
Your regeneration stops near monsters.
Your fingernails lengthen.
The gnoll bouda hits you with a +0 club!
You die...

.....# ########.#.# #.#.# #.#
.....###........#.###.#[# #.#
.........#####........#.# #.#
...........# #.##.#####.# #.#
.........#.# #.##.##....# #.#
.....###.#.# #.##.##.#### #.#
.....# #.#.# #.##.##.# #.# .#####
#.#.# #.#..##.##########.#
.#######.#.###.#@###.#...†.......
.+........>..#.#g# #.##.#########
.#######.#.###.#g###.##.# .#
#..........gg...##.# .##
##...##.........)##.#
..##...####.......÷..##.# .....##
#..........##.#
...########..........##.#
.....................##.#


You could see a gnoll bouda and 3 gnolls.

Vanquished Creatures
  A jelly (D:5)
  A hound (D:4)
  Terence (D:2)
  A sleepcap (D:4)
  An iguana (D:4)
  2 orc wizards (D:3)
  5 gnolls
  6 adders
  4 worms
  2 dart slugs (D:1)
  3 orcs
  6 ball pythons
  6 endoplasms
  2 giant cockroaches
  10 goblins
  6 hobgoblins
  2 jackals (D:2)
  2 quokkas (D:1)
  4 bats
  2 frilled lizards (D:1)
  4 kobolds
  4 rats
75 creatures vanquished.

Vanquished Creatures (others)
  2 plants (D:3)
2 creatures vanquished.

Grand Total: 77 creatures vanquished

Notes
Turn   | Place    | Note
-------+----------+-------------------------------------------
     0 | D:1      | horus123 the Human Necromancer began the quest for the Orb.
     0 | D:1      | Reached XP level 1. HP: 13/13 MP: 3/3
   235 | D:1      | Reached XP level 2. HP: 11/19 MP: 0/5
   777 | D:1      | Reached XP level 3. HP: 22/24 MP: 3/7
  1027 | D:1      | Learned a level 3 spell: Vampiric Draining
  1557 | D:2      | Noticed Terence
  1574 | D:2      | Killed Terence
  1575 | D:2      | Reached XP level 4. HP: 30/30 MP: 1/10
  1988 | D:2      | Found a faded altar of an unknown god.
  2366 | D:3      | Found an iron altar of Okawaru.
  2366 | D:3      | Found a snail-covered altar of Cheibriados.
  2428 | D:3      | Learned a level 4 spell: Animate Dead
  2544 | D:3      | Reached XP level 5. HP: 22/35 MP: 4/11
  2571 | D:3      | Reached skill level 5 in Necromancy
  2751 | D:3      | Found a blossoming altar of Fedhas.
  2944 | D:3      | Reached XP level 6. HP: 41/41 MP: 10/12
  3377 | D:4      | Reached skill level 6 in Necromancy
  3527 | D:4      | Reached skill level 1 in Armour
  3527 | D:4      | Found a bloodstained altar of Trog.
  3587 | D:5      | Entered Level 5 of the Dungeon
  3926 | D:4      | Reached XP level 7. HP: 43/46 MP: 13/13
  4083 | D:4      | Gained mutation: You have hidden genetic defects. [potion
                  | of mutation]
  4083 | D:4      | Gained mutation: You do not regenerate when monsters are
                  | visible. [potion of mutation]
  4083 | D:4      | Gained mutation: You have sharp fingernails. [potion of
                  | mutation]
  4083 | D:4      | Mangled by a gnoll bouda

Illustrated notes

Levels and vault maps discovered:
D:1:      minmay_arrival_floating_metal, layout_loops_ring,
          kennysheep_small_spiral
D:2:      layout_rooms, hellmonk_ecumenical_altar_defaced_shrine,
          minmay_bisected, uniq_terence
D:3:      minmay_inner_zag, layout_basic, fedhas_ov_isle_minmay,
          amethyst_overflow_temple_binary, st_stairs_13
D:4:      layout_basic, lemuel_tele_altar, minmay_misc_feat_more_columns,
          nicolae_wormholes
D:5:      layout_rooms, tgw_xom, minmay_temple_entry_grid, serial_shops, shop

Skill      XL: |  1  2  3  4  5  6 |
---------------+-------------------+-----
Spellcasting   | 3 4 |  4.0
Necromancy     | 5 6 |  6.0
Armour         | 2 |  2.8
Dodging        | |  2.0
Stealth        | |  2.0

Action                     |  1- 3 |  4- 6 |  7- 9 || total
---------------------------+-------+-------+-------++-------
  Melee: Short sword       |     5 |       |       ||     5
         Whip              |    15 |    75 |       ||    90
         Punch             |       |     2 |       ||     2
         Flail             |       |     6 |     8 ||    14
   Cast: Necrotise         |    55 |    87 |     3 ||   145
    Use: Potion            |       |       |     3 ||     3
   Stab: Distracted        |       |     1 |       ||     1
 Armour: Robe              |     1 |       |       ||     1
         Ring mail         |     6 |    61 |     9 ||    76
  Dodge: Dodged            |    23 |    75 |    13 ||   111

Table legend: (Time is in decaauts)
 A = Elapsed time spent in this place.
 B = Non-inter-level travel time spent in this place.
 C = Inter-level travel time spent in this place.
 D = Time resting spent in this place.
 E = Time spent auto-exploring this place.
 F = Levels seen in this place.
 G = Mean time per level.
                   A        B        C        D        E       F      G
               +--------+--------+--------+--------+--------+-----+--------+
         Total |   4116 |   4037 |     79 |    414 |   2808 |   5 |  823.2 |
       Dungeon |   4116 |   4037 |     79 |    414 |   2808 |   5 |  823.2 |
               +--------+--------+--------+--------+--------+-----+--------+

Top non-repeatable levels by time:
     D:1: 1240 daAuts
     D:3: 1037 daAuts
     D:2: 1013 daAuts
     D:4: 622 daAuts
     D:5: 202 daAuts
